 Dungeon Crawl Stone Soup version 0.21.1-1-g345015f (webtiles) character file.

152 sking99 the Chopper (level 5, 41/41 HPs)
             Began as a Demonspawn Gladiator on June 28, 2018.
             Quit the game on level 4 of the Dungeon.
             The game lasted 00:05:54 (2510 turns).

sking99 the Chopper (Demonspawn Gladiator)          Turns: 2510, Time: 00:05:55

Health: 41/41      AC:  9    Str: 16    XL:     5   Next: 11%
Magic:  5/5        EV:  7    Int:  9    God:
Gold:   103        SH:  0    Dex: 14    Spells: 4/4 levels left

rFire    . . .     SeeInvis .   a - +0 war axe
rCold    . . .     Gourm    .   (no shield)
rNeg     . . .     Faith    .   m - +0 chain mail
rPois    .         Spirit   .   (helmet restricted)
rElec    .         Reflect  .   n - +0 cloak
rCorr    .         Harm     .   (no gloves)
MR       .....                  (no boots)
Stlth    ..........             (no amulet)
HPRegen  0.13/turn              (no ring)
MPRegen  0.09/turn              (no ring)

@: no status effects
A: antennae 1, claws 1, powered by death 1
a: no special abilities


You were on level 4 of the Dungeon.
You were not hungry.

You visited 1 branch of the dungeon, and saw 4 of its levels.

You collected 103 gold pieces.

Inventory:

Hand Weapons
 a - a +0 war axe (weapon)
Missiles
 d - 3 throwing nets (quivered)
Armour
 b - a +0 leather armour
 c - a +0 helmet
 m - a +0 chain mail (worn)
 n - a +0 cloak (worn)
Jewellery
 i - an uncursed ring of magical power {unknown}
 t - an uncursed ring of fire {unknown}
Scrolls
 e - 6 scrolls of enchant armour {unknown}
 g - a scroll of teleportation {unknown}
 k - 4 scrolls of remove curse {unknown}
 l - 2 scrolls of magic mapping {unknown}
 o - a scroll of immolation {unknown}
 p - 3 scrolls of identify {unknown}
 r - a scroll of fear {unknown}
Potions
 h - 2 potions of heal wounds {unknown}
 j - 2 potions of curing {unknown}
 q - a potion of cancellation {unknown}
Comestibles
 f - 6 rations
 s - 6 chunks of flesh


   Skills:
 + Level 3.2 Fighting
 - Level 4.1 Axes
 - Level 2.0 Throwing
 - Level 2.9 Dodging
 * Level 1.3 Unarmed Combat


You had 4 spell levels left.
You didn't know any spells.

Dungeon Overview and Level Annotations

Branches:
Dungeon (4/15)
 Temple: D:4-7

Altars:
Hepliaklqana
Makhleb

Annotations:
D:3 2 transporters


Innate Abilities, Weirdness & Mutations

You have a pair of small antennae on your head.
You have sharp fingernails.
You regenerate a little health from kills.


Message History

You slash the orc!
You kill the orc!
The orc hits you but does no damage.
You slash the orc!
You kill the orc!
e - 6 scrolls labeled REWKO UMUSEY (gained 1)
Items here: )))) [[[[ ††† HP restored.
You butcher the orc corpse.
s - a chunk of flesh You butcher the orc corpse.
s - 2 chunks of flesh (gained 1)
You butcher the orc corpse.
s - 6 chunks of flesh (gained 4)
Items here: )))) [[[[ ÷ x2
You see here a hand axe.
Found 16 sling bullets.
Are you sure you want to abandon this character and quit the game? (Confirm with "yes".)
Okay, then.
Are you sure you want to abandon this character and quit the game? (Confirm with "yes".)

.. ##### #.#
#.##...####.########
.......#..).........
#...#.#..######.#
##....#..#
##.....#..#
##.........#
#.....###### ##..@.#
.%.......#
.........'%
#........'.(♣
####.#.###.♣.. #.#.
.. .. # #. ### # #.


There were no monsters in sight!

Vanquished Creatures
  An orc wizard (D:4)
  6 adders
  2 worms (D:2)
  A dart slug (D:3)
  A leopard gecko (D:1)
  7 orcs (D:4)
  3 ball pythons
  6 giant cockroaches
  4 goblins
  7 hobgoblins
  9 bats
  5 frilled lizards
  4 kobolds
  4 rats
60 creatures vanquished.

Notes
Turn   | Place    | Note
-------+----------+-------------------------------------------
     0 | D:1      | sking99 the Demonspawn Gladiator began the quest for the Orb.
     0 | D:1      | Reached XP level 1. HP: 16/16 MP: 1/1
   311 | D:1      | Gained mutation: You regenerate a little health from kills. [demonic ancestry]
   311 | D:1      | Reached XP level 2. HP: 22/22 MP: 2/2
   312 | D:1      | Reached skill level 3 in Axes
   782 | D:2      | Reached XP level 3. HP: 28/28 MP: 3/3
   842 | D:2      | Found a burning altar of Makhleb.
   997 | D:2      | Gained mutation: You have sharp fingernails. [demonic ancestry]
   997 | D:2      | Reached XP level 4. HP: 34/34 MP: 4/4
  1276 | D:3      | Found a transporter.
  1277 | D:3      | Found a transporter.
  1295 | D:3      | Found a hazy altar of Hepliaklqana.
  1299 | D:3      | Noticed an orc warrior
  1679 | D:3      | Reached skill level 4 in Axes
  2267 | D:4      | Noticed a phantom
  2490 | D:4      | Reached skill level 1 in Unarmed Combat
  2490 | D:4      | Gained mutation: You have a pair of small antennae on your head. [demonic ancestry]
  2490 | D:4      | Reached XP level 5. HP: 31/41 MP: 5/5
  2510 | D:4      | Quit the game

Skill      XL: |  1  2  3  4 |
---------------+-------------+-----
Axes           | 3 4 |  4.1
Throwing       | 2 |  2.0
Fighting       | 3 |  3.2
Unarmed Combat | 1 |  1.3
Dodging        | |  2.9

Action                   |  1- 3 |  4- 6 || total
-------------------------+-------+-------++-------
Melee: War axe           |    89 |   123 ||   212
 Stab: Sleeping          |     2 |       ||     2
  Eat: Chunk             |       |     5 ||     5
Armor: Leather armour    |    25 |       ||    25
       Chain mail        |    21 |    92 ||   113
Dodge: Dodged            |    67 |    37 ||   104
